 Dungeon Crawl Stone Soup version 0.28.0-43-g3370ac3207 (webtiles) character file.

Game seed: 7515504624138487028

10 crimpus the Conjurer (level 2, -12/20 HPs)
             Began as a Demigod Conjurer on Mar 10, 2022.
             Mangled by Sigmund
             ... wielding a +0 scythe
              (13 damage)
             ... on level 2 of the Dungeon.
             The game lasted 00:01:50 (1904 turns).

crimpus the Conjurer (Demigod Conjurer)             Turns: 1904, Time: 00:01:51

Health: -12/20     AC:  2    Str:  8    XL:     2   Next: 0%
Magic:  4/7        EV: 12    Int: 20    God:
Gold:   97         SH:  0    Dex: 12    Spells: 2/5 levels left

rFire   . . .      SeeInvis .   (no weapon)
rCold   . . .      Faith    .   (no shield)
rNeg    . . .      Spirit   .   a - +0 robe
rPois   .          Reflect  .   (no helmet)
rElec   .          Harm     .   (no cloak)
rCorr   .          Rampage  .   (no gloves)
Will    .....                   (no boots)
Stlth   +.........              (no amulet)
HPRegen 0.06/turn               (no ring)
MPRegen 0.10/turn               (no ring)

@: confused
A: high MP 1, forlorn, divine attributes
a: no special abilities


You were on level 2 of the Dungeon.
You visited 1 branch of the dungeon, and saw 2 of its levels.

You collected 97 gold pieces.

Inventory:

Armour
 a - a +0 robe (worn)
Scrolls
 c - a scroll of acquirement {unknown}
 d - a scroll of fog {unknown}
 f - a scroll of summoning {unknown}
 g - a scroll of identify {unknown}
Potions
 b - 3 potions of curing {unknown}
 e - 3 potions of heal wounds {unknown}
 h - a potion of invisibility {unknown}


   Skills:
 + Level 1.8 Dodging
 + Level 1.8 Stealth
 + Level 2.0 Spellcasting
 + Level 3.9 Conjurations


You had 2 spell levels left.
You knew the following spells:

 Your Spells              Type           Power      Damage    Failure   Level
a - Magic Dart            Conj           68%        1d6       3%          1
b - Searing Ray           Conj           34%        2d5       4%          2

Your spell library contained the following spells:

 Spells                   Type           Power      Damage    Failure   Level
 Dazzling Flash           Conj/Hex       18%        N/A       22%         3
 Fulminant Prism          Conj/Hex       4%         3d6       56%         4
 Iskenderun's Mystic Bla  Conj/Tloc      9%         2d4       56%         4


Dungeon Overview and Level Annotations

Branches:
Dungeon (2/15)

Annotations:
D:2 Sigmund


Innate Abilities, Weirdness & Mutations

You have an increased reservoir of magic. (+10% MP)
You shall have no god before yourself.
Your divine heritage dramatically boosts your attributes as you level up.


Message History

You now have 77 gold pieces (gained 14).
Found a stone staircase leading up.
There is a stone staircase leading down here.
e - 3 yellow potions (gained 1)
There is a stone staircase leading up here.
You now have 94 gold pieces (gained 17).
You now have 97 gold pieces (gained 3).
Found 27 stones.
b - 3 amethyst potions (gained 2) Sigmund is nearby!
The magic dart hits Sigmund but does no damage.
Sigmund mumbles some strange words.
Sigmund flickers and vanishes!
Deactivating autopickup; reactivate with Ctrl-A.
A giant cockroach comes into view.
A magic dart appears from out of thin air!
The magic dart hits you!
Sorry, you're not good enough to have a special ability.
Casting: Magic Dart (safe; 3% risk of failure)
Confirm with . or Enter, or press ? or * to list all spells.
You can't see any susceptible monsters within range! (Use Z to cast anyway.)
Casting: Magic Dart (safe; 3% risk of failure)
Confirm with . or Enter, or press ? or * to list all spells.
Aiming: Searing Ray (safe; 4% risk of failure)
Press: ? - help, Shift-Dir - straight line The searing ray hits something. (Press . to maintain the ray.)
The searing ray hits something.
You hear some strange, mumbled words.
You are confused.
The giant cockroach closely misses you. Something hits you!
Ouch! That really hurt!
* * * LOW HITPOINT WARNING * * *
The giant cockroach bites you but does no damage.
You're too confused to cast spells.
You bump into the rock wall.
The giant cockroach barely misses you. Something hits you!
Ouch! That really hurt!
You die...

#####.#### ..........
#........^#
#######.....#...
###..<..#....##...
..............##.#
##............##.#
#............##B#
##............##@#
..............##.#
..............##.#
>.............##.#
..............##.#
..............##.#
.................#
...######......######
...#..PP#..(........#


You could see a giant cockroach.

Vanquished Creatures
  A dart slug (D:1)
  2 ball pythons (D:2)
  2 jackals (D:2)
  A bat (D:1)
  2 kobolds (D:1)
8 creatures vanquished.

Notes
Turn   | Place    | Note
-------+----------+-------------------------------------------
     0 | D:1      | crimpus the Demigod Conjurer began the quest for the Orb.
     0 | D:1      | Reached XP level 1. HP: 14/14 MP: 5/5
   848 | D:2      | Noticed Sigmund
  1235 | D:2      | Reached XP level 2. HP: 20/20 MP: 0/7
  1781 | D:1      | Learned a level 2 spell: Searing Ray
  1903 | D:2      | HP: 1/20 [something (11)]
  1904 | D:2      | Mangled by Sigmund

Illustrated notes

Levels and vault maps discovered:
D:1:      dpeg_arrival_leaves_temple_mockup, layout_loops_ring,
          serial_park_tiny_pond, minivault_25
D:2:      layout_rooms, serial_aquarium, aquarium_bridge_long_separate
          [aquarium_subvault_window, aquarium_subvault_bridge,
          aquarium_subvault_bridge, aquarium_subvault_window,
          aquarium_subvault_bridge, aquarium_subvault_wall],
          aquarium_bridge_square [aquarium_subvault_bridge,
          aquarium_subvault_wall, aquarium_subvault_bridge,
          aquarium_subvault_wall], aquarium_window_1, aquarium_window_2,
          aquarium_window_corner, aquarium_view_2b, aquarium_balcony_3a,
          aquarium_pool_2, pf_guarded_unrand_delatra, uniq_sigmund

Skill      XL: |  1 |
---------------+----+-----
Spellcasting   | 2 |  2.0
Dodging        | |  1.8
Stealth        | |  1.8
Conjurations   | |  3.9

Action                   || total
-------------------------++-------
 Cast: Magic Dart        ||    24
       Searing Ray       ||     1
Armor: Robe              ||     1
Dodge: Dodged            ||    10
